 Dungeon Crawl Stone Soup version 0.27-a0-1184-ge86db4a01e (webtiles) character file.

Game seed: 17030624809512764101

30968 Cancer the Devastator (level 13, -7/70 HPs)
             Began as a Gargoyle Conjurer on May 18, 2021.
             Was an Elder of Sif Muna.
             Mangled by an eight-headed hydra (8 damage)
             ... on level 4 of the Lair of Beasts.
             The game lasted 00:59:47 (17368 turns).

Cancer the Devastator (Gargoyle Conjurer)          Turns: 17368, Time: 00:59:48

Health: -7/70      AC: 15    Str: 11    XL:     13   Next: 55%
Magic:  20/30      EV: 12    Int: 24    God:    Sif Muna [****..]
Gold:   822        SH:  4    Dex:  8    Spells: 31/38 levels left

rFire    . . .     SeeInvis +   b - staff of conjuration
rCold    . . .     Faith    .   t - +0 buckler
rNeg     + . .     Spirit   .   a - +0 robe
rPois    ∞         Reflect  .   u - +1 hat {Will+}
rElec    +         Harm     .   I - +0 cloak
rCorr    .         Rampage  .   (no gloves)
Will     ++...                  C - +0 pair of boots
Stlth    ++........             o - amulet of the acrobat
HPRegen  0.21/turn              Q - ring of see invisible
MPRegen  0.22/turn              E - ring of willpower

@: no status effects
A: sickness immunity, AC +9, negative energy resistance 1, electricity
resistance, torment resistance 1, petrification resistance
a: Renounce Religion, Channel Magic, Forget Spell, Divine Exegesis


You were on level 4 of the Lair of Beasts.
You worshipped Sif Muna.
Sif Muna was greatly pleased with you.
You visited 3 branches of the dungeon, and saw 15 of its levels.

You collected 822 gold pieces.

Inventory:

Hand Weapons
 L - a +4 spear of venom
Missiles
 P - 3 curare-tipped darts
Armour
 a - a +0 robe (worn)
 t - a +0 buckler (worn)
 u - a +1 hat of willpower (worn)
 C - a +0 pair of boots (worn)
 I - a +0 cloak (worn)
Magical Staves
 b - a staff of conjuration (weapon)
 D - a staff of conjuration
Jewellery
 j - a ring of ice
 o - an amulet of the acrobat (around neck)
 A - a ring of positive energy
 E - a ring of willpower (right hand)
 Q - a ring of see invisible (left hand)
 R - a ring of resist corrosion
Wands
 J - a wand of flame (27)
 M - a wand of iceblast (2)
Scrolls
 c - a scroll of brand weapon {unknown}
 d - 2 scrolls of amnesia {unknown}
 e - 6 scrolls of enchant weapon {unknown}
 l - 8 scrolls of teleportation {unknown}
 m - 7 scrolls of identify {unknown}
 n - 3 scrolls of noise {unknown}
 p - 3 scrolls of enchant armour {unknown}
 r - a scroll of summoning {unknown}
 x - a scroll of holy word {unknown}
 y - a scroll of magic mapping {unknown}
 F - 2 scrolls of blinking {unknown}
 H - a scroll of vulnerability {unknown}
 K - a scroll of fog {unknown}
 N - a scroll of torment {unknown}
Potions
 f - a potion of magic {unknown}
 g - 4 potions of might {unknown}
 h - a potion of berserk rage {unknown}
 i - 3 potions of haste {unknown}
 k - a potion of resistance {unknown}
 q - 4 potions of curing {unknown}
 s - a potion of lignification {unknown}
 v - a potion of ambrosia {unknown}
 w - 3 potions of degeneration {unknown}
 z - a potion of heal wounds {unknown}
 B - a potion of invisibility
 G - a potion of flight {unknown}
 O - a potion of brilliance {unknown}


   Skills:
 - Level 4.0 Fighting
 - Level 4.0 Armour
 + Level 4.3 Dodging
 - Level 4.0 Stealth
 - Level 4.0 Shields
 + Level 13.1 Spellcasting
 + Level 15.5 Conjurations
 - Level 4.0 Hexes
 - Level 2.0 Evocations


You had 31 spell levels left.
You knew the following spells:

 Your Spells              Type           Power      Damage    Failure   Level
a - Magic Dart            Conj           100%       1d8       0%          1
b - Searing Ray           Conj           100%       3d7       0%          2
c - Fulminant Prism       Conj/Hex       38%        3d18      1%          4

Your spell library contained the following spells:

 Spells                   Type           Power      Damage    Failure   Level
 Dazzling Flash           Conj/Hex       100%       N/A       1%          3
 Stone Arrow              Conj/Erth      100%       3d13      1%          3
 Iskenderun's Mystic Bla  Conj/Tloc      68%        2d14      1%          4
 Sandblast                Erth           30%        2d9       3%          1
 Summon Small Mammal      Summ           60%        N/A       3%          1
 Summon Guardian Golem    Hex/Summ       25%        N/A       4%          3
 Call Imp                 Summ           15%        N/A       6%          2
 Passwall                 Tmut/Erth      12%        N/A       6%          2
 Call Canine Familiar     Summ           15%        N/A       12%         3
 Petrify                  Tmut/Erth      15%        N/A       36%         4
 Summon Ice Beast         Ice/Summ       15%        N/A       36%         4
 Summon Lightning Spire   Summ/Air       15%        N/A       36%         4
 Lee's Rapid Deconstruct  Erth           7%         3d8*      71%         5


Dungeon Overview and Level Annotations

Branches:
Dungeon (9/15)             Temple (1/1) D:6            Lair (5/6) D:9
 Shoals (0/4) Lair:4        Snake (0/4) Lair:3        Slime (0/5) Lair:5
    Orc: D:9-12

Altars:
Ashenzari
Cheibriados
Dithmenos
Elyvilon
Fedhas
Hepliaklqana
Kikubaaqudgha
Makhleb
Nemelex Xobeh
Okawaru
Qazlal
Ru
Sif Muna
Trog
Uskayaw
Vehumet
Wu Jian
Xom
Yredelemnul
Zin
The Shining One
Jiyva

Annotations:
D:9 3 runed translucent doorsstash, Snikeer's ghost, journeyman GnIE
Lair:5 whip


Innate Abilities, Weirdness & Mutations

You are immune to sickness and miasma.
Your stone body is resilient. (AC +9)
You are immune to poison.
You resist negative energy. (rN+)
You are resistant to electric shocks. (rElec)
You are resistant to unholy torment.
You are immune to petrification.


Message History

Sif Muna accepts your kill.
The blast of energy engulfs the death yak!!!
You kill the death yak!
Sif Muna accepts your kill.
The blast of energy engulfs the yak!!
You kill the yak!
Sif Muna accepts your kill.
You hear a roar!
You hear an angry hiss.
The death yak gores you!!
You see here a death yak corpse.
The eight-headed hydra roars!
You hear the brisk rumble of an avalanche of rocks nearby.
Found a stone staircase leading down.
Found 3 brown potions.
There is a stone staircase leading up here.
The eight-headed hydra bites you but does no damage. x2
The eight-headed hydra bites you. x2; The eight-headed hydra misses you.
You block the eight-headed hydra's attack. x2
The eight-headed hydra bites you but does no damage.
You climb upwards.
There is a stone staircase leading down here.
Casting: Searing Ray (safe; 0% risk of failure)
Confirm with . or Enter, or press ? or * to list all spells.
Aiming: Fulminant Prism (mildly dangerous; 1% risk of failure)
Press: ? - help, Dir - move target You feel a surge of power!
You conjure a prism of explosive energy!
A fulminant prism comes into view.
The eight-headed hydra bites you!
* * * LOW HITPOINT WARNING * * *
The eight-headed hydra bites you.
* * * LOW HITPOINT WARNING * * *
The eight-headed hydra bites you!
* * * LOW HITPOINT WARNING * * *
The eight-headed hydra bites you but does no damage.
The eight-headed hydra bites you.
* * * LOW HITPOINT WARNING * * *
The eight-headed hydra bites you but does no damage.
The eight-headed hydra bites you!
You die...

.#.# ##.##### ###...## #### #..#
#.#..# # #.## ####.# ## ###.P#
##... .# ##...## #.#.. ## #.[.##
####### # ##..## #...... ## ##..#
##..... .# ##@## #...... .# #*D#
#...... .# ##.# ##..... ##
##.##########....). ##
#..##≈#≈##≈####...# .#
##..#≈≈≈≈≈≈≈≈###<.## .#### ###
##..##≈≈≈≈≈≈≈≈≈≈#....
'##.###.#####....≈≈≈#####≈≈≈#...#
......#.....+....≈≈##...##≈≈..+#.


You could see an eight-headed hydra (ally target) and a friendly fulminant
prism.

Vanquished Creatures
  Josephine (Lair:4)
  A hydra (Lair:4)
  2 catoblepae
  5 death yaks
  Sonja (Lair:4)
  A fire crab (Lair:5)
  4 black mambas
  Maurice (D:8)
  Joseph (D:8)
  7 cane toads
  Psyche (D:9)
  4 komodo dragons
  2 rime drakes
  2 polar bears (Lair:3)
  2 hornets
  11 blink frogs
  A snapping turtle (Lair:4)
  6 wraiths
  A wyvern (Lair:2)
  9 basilisks
  44 yaks
  A steam dragon (D:7)
  6 nagas (Lair:3)
  6 water moccasins
  2 orc warriors
  A sky beast (D:6)
  A black bear (Lair:2)
  3 ogres
  A necrophage (D:5)
  22 wolves
  2 phantoms
  A kobold brigand (D:8)
  9 bullfrogs
  2 gnoll sergeants
  3 scorpions
  A water moccasin zombie (D:5)
  14 killer bees
  8 wights
  2 howler monkeys (D:9)
  A crimson imp (D:4)
  3 orc priests
  2 centaur zombies
  A bullfrog skeleton (D:6)
  A hound (D:5)
  An iguana (D:7)
  4 orc wizards
  2 hell rats (D:9)
  Terence (D:2)
  A hound skeleton (D:4)
  2 howler monkey zombies
  A howler monkey skeleton (D:6)
  19 gnolls
  7 adders
  A river rat (D:9)
  A shadow imp (D:7)
  4 dart slugs
  20 orcs
  5 bats
  5 endoplasms
  4 giant cockroaches
  9 goblins
  10 hobgoblins
  6 jackals
  4 quokkas
  4 ball pythons (D:4)
  3 frilled lizards
  A goblin skeleton (D:4)
  A goblin zombie (D:4)
  4 hobgoblin zombies (D:4)
  15 kobolds
  A kobold skeleton (D:4)
  2 kobold zombies (D:4)
  2 orc zombies (D:4)
  9 rats
349 creatures vanquished.

Vanquished Creatures (others)
  37 fulminant prisms
  17 fungi
  37 plants
91 creatures vanquished.

Grand Total: 440 creatures vanquished

Notes
Turn   | Place    | Note
-------+----------+-------------------------------------------
     0 | D:1      | Cancer the Gargoyle Conjurer began the quest for the Orb.
     0 | D:1      | Reached XP level 1. HP: 10/10 MP: 3/3
   433 | D:1      | Reached XP level 2. HP: 15/15 MP: 0/5
   613 | D:1      | Found a faded altar of an unknown god.
  1361 | D:1      | Reached XP level 3. HP: 19/19 MP: 4/6
  1746 | D:2      | Learned a level 2 spell: Searing Ray
  1752 | D:2      | Reached skill level 5 in Conjurations
  1860 | D:2      | Noticed Terence
  1874 | D:2      | Killed Terence
  1875 | D:2      | Reached XP level 4. HP: 22/24 MP: 0/8
  2670 | D:3      | Found a hide-covered altar of Uskayaw.
  2789 | D:3      | Reached XP level 5. HP: 28/28 MP: 1/10
  3505 | D:4      | Reached skill level 6 in Conjurations
  3684 | D:4      | Found a glowing golden altar of the Shining One.
  3821 | D:4      | Reached XP level 6. HP: 32/32 MP: 6/12
  4197 | D:4      | Reached skill level 1 in Evocations
  4675 | D:5      | Entered Level 5 of the Dungeon
  4821 | D:5      | Reached XP level 7. HP: 36/36 MP: 9/13
  5147 | D:5      | Reached skill level 5 in Spellcasting
  5147 | D:5      | Reached skill level 7 in Conjurations
  5558 | D:5      | Found an iron altar of Okawaru.
  5811 | D:6      | Reached XP level 8. HP: 41/41 MP: 13/16
  5945 | D:6      | Found a staircase to the Ecumenical Temple.
  5951 | Temple   | Entered the Ecumenical Temple
  6176 | Temple   | Became a worshipper of Sif Muna the Loreminder
  6240 | D:6      | Noticed a wraith
  6249 | D:6      | Learned a level 4 spell: Fulminant Prism
  6258 | D:6      | Killed a wraith
  6456 | D:6      | Reached skill level 1 in Shields
  6456 | D:6      | Reached skill level 8 in Conjurations
  6523 | D:6      | Found a snail-covered altar of Cheibriados.
  6523 | D:6      | Found a shadowy altar of Dithmenos.
  7082 | D:6      | Reached XP level 9. HP: 45/45 MP: 14/19
  7446 | D:7      | Reached skill level 9 in Conjurations
  7459 | D:7      | Reached * piety under Sif Muna
  7994 | D:8      | Found an ornate altar of the Wu Jian Council.
  8034 | D:8      | Noticed Maurice
  8058 | D:8      | Reached skill level 1 in Fighting
  8059 | D:8      | Noticed Joseph
  8373 | D:8      | Killed Joseph
  8443 | D:8      | Reached skill level 10 in Conjurations
  8444 | D:8      | Reached XP level 10. HP: 28/56 MP: 15/22
  8657 | D:8      | Found a bloodstained altar of Trog.
  8724 | D:8      | Killed Maurice
  9493 | D:9      | Reached ** piety under Sif Muna
  9494 | D:9      | Reached skill level 11 in Conjurations
  9640 | D:9      | Reached skill level 1 in Hexes
  9793 | D:9      | Found a runed translucent gate.
  9793 | D:9      | Found a runed translucent gate.
  9793 | D:9      | Found a runed translucent gate.
  9819 | D:9      | Noticed Snikeer's ghost (journeyman GnIE)
  9822 | D:9      | Found a viscous altar of Jiyva.
 10058 | D:9      | Found a radiant altar of Vehumet.
 10058 | D:9      | Found a blossoming altar of Fedhas.
 10058 | D:9      | Found a shimmering altar of Xom.
 10122 | D:9      | Noticed a death yak
 10123 | D:9      | Noticed a death yak
 10124 | D:9      | Noticed a death yak
 10263 | D:9      | Found a staircase to the Lair.
 10364 | D:9      | Noticed Psyche
 10367 | D:9      | Killed Psyche
 10454 | D:9      | Killed a death yak
 10455 | D:9      | Reached XP level 11. HP: 46/61 MP: 12/24
 10647 | D:9      | Killed a death yak
 10647 | D:9      | Killed a death yak
 10648 | D:9      | Reached skill level 12 in Conjurations
 10800 | Lair:1   | Entered Level 1 of the Lair of Beasts
 10808 | Lair:1   | Reached skill level 10 in Spellcasting
 11274 | Lair:1   | Reached *** piety under Sif Muna
 11822 | Lair:2   | Reached skill level 13 in Conjurations
 12010 | Lair:2   | You fall into a shaft and drop 1 floor!
 12255 | Lair:2   | Reached XP level 12. HP: 66/66 MP: 19/27
 13613 | Lair:3   | Reached skill level 14 in Conjurations
 13617 | Lair:3   | Reached **** piety under Sif Muna
 13618 | Lair:3   | Reached skill level 1 in Armour
 14663 | Lair:3   | Found a staircase to the Snake Pit.
 15096 | Lair:4   | Noticed Josephine
 15238 | Lair:4   | Noticed a catoblepas
 15621 | Lair:4   | Killed Josephine
 15622 | Lair:4   | Reached XP level 13. HP: 70/70 MP: 13/29
 15953 | Lair:4   | Reached skill level 15 in Conjurations
 16049 | Lair:4   | Noticed Sonja
 16064 | Lair:4   | Killed Sonja
 16623 | Lair:4   | Found a staircase to the Shoals.
 17301 | Lair:5   | Found a staircase to the Slime Pits.
 17301 | Lair:5   | Found a viscous altar of Jiyva.
 17368 | Lair:4   | HP: 1/70 [eight-headed hydra (3)]
 17368 | Lair:4   | Mangled by an eight-headed hydra

Illustrated notes

Levels and vault maps discovered:
D:1:      dpeg_arrival_round_a, layout_loops_corners,
          shapermc_ecumenical_altar_totnotflames
D:2:      layout_rooms, kennysheep_generic_room_14, uniq_terence
D:3:      layout_basic, nicolae_uskayaw_dance_hall
D:4:      layout_basic, nicolae_tso_besieged_by_evil, serial_bayou_lagoon_b
D:5:      layout_rooms, okawaru_altar_gauntlet_db
D:6:      layout_loops_ring, jmf_multi_god_temple, temple_statues,
          hangedman_abyss_or_decor_stabs
D:7:      layout_rooms
D:8:      layout_cave_pools, lemuel_coloured_pillars_altar,
          nzn_wu_jian_council_hall, serial_rivers,
          chequers_serial_rivers_room_b, chequers_serial_rivers_small_a,
          chequers_serial_rivers_small_b, chequers_serial_rivers_large_b,
          chequers_serial_rivers_micro_e, chequers_serial_rivers_micro_b,
          uniq_maurice, uniq_joseph
D:9:      layout_basic, chequers_temple_overflow_statue_of_worship,
          dpeg_lair_monsters, gammafunk_ghost_ooze, uniq_psyche
Temple:   minmay_temple_curvy_loop
Lair:1:   layout_roguey
Lair:2:   layout_layer_cave
Lair:3:   layout_cave_pods, minmay_snake_entry_guardpost_medium,
          kennysheep_basilisk_garden, lemuel_fruit_fields
Lair:4:   layout_roguey, minmay_shoals_entry_hut, uniq_josephine, uniq_sonja
Lair:5:   layout_gridlike, slime_altar_1, enter_volcano_2, uniq_rupert

Skill      XL: |  1  2  3  4  5  6  7  8  9 10 11 12 13 |
---------------+----------------------------------------+-----
Conjurations   | 5 6 7 8 10 11 13 14 15 | 15.5
Spellcasting   | 3 4 5 6 8 9 11 12 13 | 13.1
Evocations     | 1 2 |  2.0
Dodging        | 2 3 4 |  4.3
Shields        | 3 4 |  4.0
Stealth        | 4 |  4.0
Fighting       | 3 4 |  4.0
Hexes          | 3 4 |  4.0
Armour         | 4 |  4.0

Action                   |  1- 3 |  4- 6 |  7- 9 | 10-12 | 13-15 || total
-------------------------+-------+-------+-------+-------+-------++-------
Melee: Staff             |    11 |    38 |    29 |    58 |     3 ||   139
 Cast: Magic Dart        |    46 |       |       |       |       ||    46
       Searing Ray       |     1 |    52 |    61 |   148 |    30 ||   292
       Fulminant Prism   |       |       |     1 |    21 |    16 ||    38
 Stab: Distracted        |     1 |       |       |       |       ||     1
       Sleeping          |       |     1 |       |       |       ||     1
Armor: Robe              |     7 |    24 |    13 |    79 |    22 ||   145
Dodge: Dodged            |     8 |    39 |    64 |   266 |    41 ||   418
Block: Buckler           |       |       |     6 |    61 |    11 ||    78

Table legend: (Time is in decaauts)
 A = Elapsed time spent in this place.
 B = Non-inter-level travel time spent in this place.
 C = Inter-level travel time spent in this place.
 D = Time resting spent in this place.
 E = Time spent auto-exploring this place.
 F = Levels seen in this place.
 G = Mean time per level.
                   A        B        C        D        E       F      G
               +--------+--------+--------+--------+--------+-----+--------+
         Total |  17518 |  16628 |    890 |    633 |  12657 |  15 | 1167.9 |
       Dungeon |  10766 |  10273 |    493 |    483 |   7833 |   9 | 1196.2 |
        Temple |    248 |    183 |     65 |      0 |    154 |   1 |  248.0 |
          Lair |   6503 |   6171 |    332 |    150 |   4669 |   5 | 1300.6 |
               +--------+--------+--------+--------+--------+-----+--------+

Top non-repeatable levels by time:
     D:9: 1963 daAuts
  Lair:4: 1933 daAuts
  Lair:3: 1916 daAuts
     D:1: 1653 daAuts
     D:4: 1603 daAuts
  Lair:2: 1487 daAuts
     D:6: 1205 daAuts
     D:5: 1110 daAuts
     D:8: 960 daAuts
  Lair:1: 908 daAuts
     D:7: 828 daAuts
     D:2: 735 daAuts
     D:3: 705 daAuts
  Lair:5: 257 daAuts
  Temple: 248 daAuts
